 Dungeon Crawl Stone Soup version 0.27.1-34-g3ba077fa99 (webtiles) character file.

Game seed: 10094576189234884131

5779 strmdvr the Fighter (level 10, -16/69 HPs)
             Began as a Gargoyle Conjurer on Jan 2, 2022.
             Was a Believer of Vehumet.
             Demolished by a boulder beetle (19 damage)
             ... on level 9 of the Dungeon.
             The game lasted 00:38:20 (8963 turns).

strmdvr the Fighter (Gargoyle Conjurer)             Turns: 8963, Time: 00:38:21

Health: -16/69     AC: 13    Str: 11    XL:     10   Next: 78%
Magic:  17/19      EV: 11    Int: 22    God:    Vehumet [**....]
Gold:   477        SH:  4    Dex:  8    Spells: 18/21 levels left

rFire    + . .     SeeInvis .   o - +0 dagger (venom)
rCold    . . .     Faith    .   c - +0 buckler
rNeg     + . .     Spirit   .   u - +2 robe {Archmagi}
rPois    ∞         Reflect  .   (no helmet)
rElec    +         Harm     .   (no cloak)
rCorr    .         Rampage  .   D - +1 pair of gloves
Will     .....     Archmagi +   (no boots)
Stlth    ++........             h - amulet of magic regeneration
HPRegen  0.21/turn              B - ring of protection from fire
MPRegen  0.41/turn              (no ring)

@: about to teleport
A: sickness immunity, AC +7, negative energy resistance 1, electricity
resistance, torment resistance 1, petrification resistance
a: Renounce Religion


You were on level 9 of the Dungeon.
You worshipped Vehumet.
Vehumet was pleased with you.
You visited 1 branch of the dungeon, and saw 9 of its levels.

You collected 477 gold pieces.

Inventory:

Hand Weapons
 f - a +0 whip
 n - a +0 spear of freezing
 o - a +0 dagger of venom (weapon)
 p - a +2 hand axe of flaming
 t - a +0 dagger of flaming
Armour
 a - a +0 robe
 c - a +0 buckler (worn)
 u - a +2 robe of the Archmagi (worn)
 D - a +1 pair of gloves (worn)
 H - the +2 robe of the Demon Prince {Int+4}
   (You found it on level 8 of the Dungeon)

   Int:       It affects your intelligence (+4).
Jewellery
 g - a ring of resist corrosion
 h - an amulet of magic regeneration (around neck)
 v - an amulet of the acrobat
 z - a ring of fire
 B - a ring of protection from fire (left hand)
 E - the ring of Daomyadd {rPois rF+ Will- Int+4 SInv}
   (You found it on level 6 of the Dungeon)

   [ring of protection from fire]

   Int:       It affects your intelligence (+4).
   rF:        It protects you from fire.
   rPois:     It protects you from poison.
   SInv:      It lets you see invisible.
   Will:      It decreases your willpower.
Wands
 k - a wand of polymorph (7)
 q - a wand of digging (7)
 F - a wand of mindburst (9)
Scrolls
 e - 2 scrolls of amnesia
 i - 2 scrolls of teleportation
 y - 3 scrolls of fog
 G - a scroll of magic mapping {unknown}
Potions
 b - 2 potions of lignification
 d - 5 potions of heal wounds
 j - a potion of magic {unknown}
 l - a potion of invisibility {unknown}
 m - a potion of brilliance {unknown}
 r - 2 potions of might {unknown}
 s - 3 potions of curing {unknown}
 w - a potion of haste {unknown}
 x - a potion of mutation {unknown}
 A - a potion of flight {unknown}
 I - a potion of berserk rage {unknown}


   Skills:
 + Level 11.0 Fighting
 - Level 1.5 Dodging
 - Level 2.1 Stealth
 - Level 4.0 Shields
 + Level 6.4 Spellcasting
 + Level 11.0 Conjurations


You had 18 spell levels left.
You knew the following spells:

 Your Spells              Type           Power      Damage    Failure   Level
a - Magic Dart            Conj           100%       1d8       1%          1
b - Searing Ray           Conj           100%       3d7       1%          2

Your spell library contained the following spells:

 Spells                   Type           Power      Damage    Failure   Level
 Poisonous Vapours        Pois/Air       20%        N/A       13%         2
 Shock                    Conj/Air       100%       1d9       1%          1
 Dazzling Flash           Conj/Hex       94%        N/A       2%          3
 Fulminant Prism          Conj/Hex       23%        3d13      9%          4
 Iskenderun's Mystic Bla  Conj/Tloc      47%        2d10      9%          4
 Gell's Gravitas          Tloc           5%         N/A       26%         3
 Lesser Beckoning         Tloc           5%         N/A       26%         3
 Swiftness                Air            10%        N/A       26%         3
 Teleport Other           Tloc           10%        N/A       26%         3
 Airstrike                Air            5%         N/A       65%         4
 Summon Forest            Summ/Tloc      5%         N/A       94%         5
 Eringya's Noxious Bog    Tmut/Pois      5%         N/A       100%        6
 Summon Hydra             Summ           5%         N/A       100%        7


Dungeon Overview and Level Annotations

Branches:
Dungeon (9/15)             Temple (0/1) D:6            Lair (0/6) D:8
    Orc: D:9-12

Altars:
Cheibriados
Fedhas
Gozag
Hepliaklqana
Ru
Vehumet
Yredelemnul
Zin
The Shining One

Annotations:
D:3 1 runed translucent door, Discosetron's ghost, amateur SpEn
D:6 3 runed translucent doors, dragonscale333's ghost, novice DjFE


Innate Abilities, Weirdness & Mutations

You are immune to sickness and miasma.
Your stone body is resilient. (AC +7)
You are immune to poison.
You resist negative energy. (rN+)
You are resistant to electric shocks. (rElec)
You are resistant to unholy torment.
You are immune to petrification.


Message History

Okay, then.
Aiming: Mindburst
Press: ? - help, Shift-Dir - straight line, f/p - boulder beetle
Aim: a boulder beetle (lightly wounded, chance to affect: 48%)
The boulder beetle's mind is blasted!
Aiming: Mindburst
Press: ? - help, Shift-Dir - straight line, f/p - boulder beetle
Aim: a boulder beetle (moderately wounded, chance to affect: 48%)
The boulder beetle resists with some effort.
Aiming: Corrosive Bolt
Press: ? - help, Shift-Dir - straight line, f/p - boulder beetle
Aim: a boulder beetle (moderately wounded, 100% to hit)
The bolt of acid hits the boulder beetle but does no damage.
The boulder beetle is moderately wounded.
The boulder beetle leaps!
Aiming: Corrosive Bolt
Press: ? - help, Shift-Dir - straight line, f/p - boulder beetle
Aim: a boulder beetle (moderately wounded, 100% to hit)
The bolt of acid hits the boulder beetle but does no damage.
The boulder beetle is moderately wounded.
Aiming: Corrosive Bolt
Press: ? - help, Shift-Dir - straight line, f/p - boulder beetle
Aim: a boulder beetle (moderately wounded, 100% to hit)
The bolt of acid hits the boulder beetle but does no damage.
The boulder beetle is moderately wounded.
The boulder beetle curls into a ball and begins rolling!
Aiming: Corrosive Bolt
Press: ? - help, Shift-Dir - straight line, f/p - boulder beetle
Aim: a boulder beetle (moderately wounded, rolling, 100% to hit)
The bolt of acid hits the boulder beetle!
The boulder beetle is splashed with acid.
The boulder beetle is severely wounded.
The now-empty wand crumbles to dust.
The boulder beetle hits you!!!
Ouch! That really hurt!
* * * LOW HITPOINT WARNING * * *
The boulder beetle stops rolling and uncurls.
As you read the scroll of teleportation, it crumbles to dust.
You feel strangely unstable. The boulder beetle bites you!!
You die...

###.##
...##....###.........
## ..#
##...#.......... .#
#..............#
#.....<.........
#..........>....
##?........#....
#....####.##.##.
#..B..## ## .
#.@....# # #......#
###...## ....# ##..#
###


You could see a boulder beetle.

Vanquished Creatures
  A death yak (D:8)
  A cyclops (D:8)
  An elephant (D:8)
  6 yaks (D:8)
  2 basilisks (D:8)
  A steam dragon (D:7)
  Menkaure (D:4)
  Edmund (D:4)
  An ice beast (D:7)
  3 necrophages
  An orc warrior (D:8)
  A black bear (D:6)
  A sky beast (D:6)
  An ogre (D:4)
  A centaur (D:5)
  A phantom (D:7)
  A bullfrog (D:8)
  6 kobold brigands
  5 scorpions
  8 killer bees (D:7)
  3 wights (D:8)
  A howler monkey (D:8)
  A hound (D:6)
  A jelly (D:7)
  A gnoll shaman (D:6)
  A bullfrog skeleton (D:5)
  2 centaur skeletons
  5 iguanas
  Natasha (thrice) (D:2)
  8 orc wizards
  A howler monkey zombie (D:6)
  2 adders
  3 gnolls (D:6)
  2 shadow imps (D:6)
  3 white imps
  2 ufetubi
  3 worms
  5 dart slugs
  21 orcs
  6 ball pythons
  7 bats
  8 endoplasms
  3 giant cockroaches
  9 goblins
  A hobgoblin (D:1)
  7 jackals
  2 quokkas
  3 frilled lizards
  22 kobolds
  4 rats
184 creatures vanquished.

Notes
Turn   | Place    | Note
-------+----------+-------------------------------------------
     0 | D:1      | strmdvr the Gargoyle Conjurer began the quest for the Orb.
     0 | D:1      | Reached XP level 1. HP: 10/10 MP: 3/3
   191 | D:1      | Found a faded altar of an unknown god.
   195 | D:1      | Reached XP level 2. HP: 16/16 MP: 0/5
   252 | D:1      | Reached skill level 1 in Fighting
   363 | D:1      | Learned a level 2 spell: Searing Ray
   853 | D:1      | Reached XP level 3. HP: 20/20 MP: 0/6
  1654 | D:2      | You fall into a shaft and drop 1 floor!
  1730 | D:2      | Noticed Natasha
  1737 | D:2      | Killed Natasha
  1738 | D:2      | Reached skill level 5 in Conjurations
  1738 | D:2      | Reached XP level 4. HP: 26/26 MP: 4/8
  1847 | D:2      | Noticed Natasha
  1858 | D:2      | Killed Natasha
  2279 | D:2      | Noticed Natasha
  2297 | D:2      | Killed Natasha
  2298 | D:2      | Reached XP level 5. HP: 31/31 MP: 5/9
  2701 | D:3      | Found a runed translucent door.
  2701 | D:3      | Noticed a phantom
  2702 | D:3      | Noticed Discosetron's ghost (amateur SpEn)
  3049 | D:3      | Found a blossoming altar of Fedhas.
  3110 | D:3      | Reached XP level 6. HP: 37/37 MP: 9/11
  3499 | D:4      | Noticed Menkaure
  3556 | D:4      | Found a sacrificial altar of Ru.
  3561 | D:4      | Reached skill level 1 in Shields
  3651 | D:4      | Found an opulent altar of Gozag.
  3677 | D:4      | Noticed Edmund
  3693 | D:4      | Killed Edmund
  3694 | D:4      | Reached XP level 7. HP: 19/43 MP: 1/13
  3944 | D:4      | Killed Menkaure
  4012 | D:4      | Found a radiant altar of Vehumet.
  4022 | D:4      | Became a worshipper of Vehumet
  4091 | D:4      | Found a hazy altar of Hepliaklqana.
  4553 | D:5      | Entered Level 5 of the Dungeon
  4859 | D:5      | Found a snail-covered altar of Cheibriados.
  4938 | D:5      | Reached XP level 8. HP: 48/48 MP: 9/14
  5065 | D:5      | Reached skill level 5 in Fighting
  5088 | D:5      | Found a glowing golden altar of the Shining One.
  5262 | D:5      | Found a basalt altar of Yredelemnul.
  5595 | D:6      | Found a runed translucent gate.
  5595 | D:6      | Found a runed translucent gate.
  5595 | D:6      | Found a runed translucent gate.
  5656 | D:6      | Reached skill level 5 in Spellcasting
  5796 | D:6      | Identified the ring of Daomyadd {rPois rF+ Will- Int+4
                  | SInv}
  6032 | D:6      | Reached XP level 9. HP: 56/56 MP: 11/16
  6055 | D:6      | Reached * piety under Vehumet
  6055 | D:6      | Offered knowledge of Sandblast by Vehumet.
  6173 | D:6      | Noticed dragonscale333's ghost (novice DjFE)
  6236 | D:6      | Found a staircase to the Ecumenical Temple.
  7241 | D:7      | Offered knowledge of Freeze by Vehumet.
  7541 | D:8      | Noticed a cyclops
  7554 | D:8      | Reached ** piety under Vehumet
  7578 | D:8      | Reached skill level 10 in Conjurations
  7736 | D:8      | Noticed a death yak
  7744 | D:8      | Noticed an elephant
  7748 | D:8      | Reached XP level 10. HP: 68/68 MP: 14/17
  7756 | D:8      | Killed an elephant
  7757 | D:8      | Reached skill level 10 in Fighting
  7759 | D:8      | Killed a death yak
  7894 | D:8      | Found a staircase to the Lair.
  8292 | D:8      | Found a glowing silver altar of Zin.
  8400 | D:8      | Offered knowledge of Poisonous Vapours by Vehumet.
  8824 | D:8      | Killed a cyclops
  8831 | D:8      | Identified the +2 robe of the Demon Prince {Int+4}
  8942 | D:9      | Noticed a boulder beetle
  8961 | D:9      | HP: 3/69 [boulder beetle (39)]
  8963 | D:9      | Demolished by a boulder beetle

Illustrated notes

Levels and vault maps discovered:
D:1:      dpeg_arrival_round_c, layout_basic,
          shapermc_ecumenical_altar_starsandcircs
D:2:      layout_loops_corners, uniq_natasha
D:3:      layout_loops_ring, nicolae_overflow_hidden_temple,
          ebering_ghost_inner_flame, guppyfry_early_lair_pool
D:4:      layout_gridville, nicolae_ru_sacrificial_ziggurat, lemuel_round_altar,
          nicolae_hepliaklqana_hazy_memory, nicolae_vehumet_altar_sigil,
          st_stairs_6, chequers_serial_rivers_room_a, uniq_menkaure, uniq_edmund
D:5:      layout_cave_pods, mainiacjoe_overflow_24_doors,
          mainiacjoe_overflow_six_doors_small, nicolae_tso_carved_into_rock
D:6:      layout_cave_pools, minmay_temple_entry_poolview, gammafunk_ghost_icy,
          chequers_serial_rivers_micro_e
D:7:      layout_gridville, feat_on_display
D:8:      layout_gridville, mainiacjoe_overflow_chevrons, david_lair_generic
D:9:      layout_cave_pools, nicolae_sif_muna_little_library

Skill      XL: |  1  2  3  4  5  6  7  8  9 10 |
---------------+-------------------------------+-----
Fighting       | 1 2 3 4 6 9 11 | 11.0
Conjurations   | 5 6 8 10 11 | 11.0
Spellcasting   | 3 4 5 6 |  6.4
Shields        | 2 3 4 |  4.0
Dodging        | |  1.5
Stealth        | |  2.1

Action                   |  1- 3 |  4- 6 |  7- 9 | 10-12 || total
-------------------------+-------+-------+-------+-------++-------
Melee: Club              |     3 |       |       |       ||     3
       Dagger            |       |       |    33 |    13 ||    46
 Cast: Magic Dart        |    60 |    55 |    91 |    36 ||   242
       Searing Ray       |     1 |    13 |    52 |    17 ||    83
Evoke: Wand              |       |       |       |    14 ||    14
  Use: Scroll            |       |       |     7 |     1 ||     8
Armor: Robe              |     6 |     2 |    62 |    16 ||    86
Dodge: Dodged            |    18 |     2 |    62 |    16 ||    98
Block: Buckler           |       |     2 |    14 |     8 ||    24
